 Dungeon Crawl Stone Soup version 5.7-8-g3a8b389 (webtiles) character file.

3576 Psymania the Slasher (level 11, -16/84 HPs)
             Began as a Gnoll Wanderer on Jan 25, 2020.
             Was an Elder of Zin.
             Demolished by Sonja
             ... wielding a +0 dagger of distortion
              (21 damage)
             ... on level 11 of the Dungeon.
             The game lasted 00:59:09 (10650 turns).

Psymania the Slasher (Gnoll Wanderer)              Turns: 10650, Time: 00:59:10

Health: -16/84     AC: 18 (39%)Str: 17  XL:     11   Next: 55%
Magic:  17/17      EV: 15    Int: 13    God:    Zin [4*[114]]
Gold:   93         SH:  7    Dex: 17    Spells: 18/18 levels left

rFire    . . .     SeeInvis .   a - +2 war axe (devast)
rCold    . . .     Faith    .   z - +0 buckler
rNeg     . . .     Spirit   .   F - +0 plate armour
rPois    ∞         Reflect  .   D - +0 helmet
rElec    .                      G - +2 cloak "Joisyp" {+Blink rPois Regen+ Int-5}
rCorr    .                      (no gloves)
MR       .....                  (no boots)
Stlth    ..........             i - amulet of regeneration
Regen    1.1/turn               g - +5 ring of dexterity
MPRegen  0.5/turn               y - +6 ring of evasion

@: vitalised, very slightly contaminated, slowed, invisible, very slow
A: no striking features
a: Recite, Vitalisation, Imprison, Donate Gold, Renounce Religion, Evoke Blink


You were on level 11 of the Dungeon.
You worshipped Zin.
Zin was greatly pleased with you.
You were not hungry.

You visited 2 branches of the dungeon, and saw 12 of its levels.
You visited the bazaar 1 time.

You collected 664 gold pieces.
You spent 505 gold pieces at shops.
You donated 66 gold pieces to Zin.

Inventory:

Hand Weapons
 a - a +2 war axe of devastation (weapon)
 s - a +5 dagger
Missiles
 A - 18 frenzy darts (quivered)
 B - 7 curare darts
 C - 42 tomahawks
 H - 107 exploding tomahawks
Armour
 x - a +2 robe of magic resistance
 z - a +0 buckler (worn)
 D - a +0 helmet (worn)
 F - a +0 plate armour (worn)
 G - the +2 cloak "Joisyp" (worn) {+Blink rPois Regen+ Int-5}
   (You found it on level 8 of the Dungeon)

   It affects your intelligence (-5).
   It protects you from poison.
   It lets you blink.
   It increases your rate of regeneration.
 I - the +0 cloak "Ulaa" {rPois}
   (You found it on level 8 of the Dungeon)

   It protects you from poison.
 N - +0 acid dragon scales
Jewellery
 d - an uncursed ring of wizardry
 g - a +5 ring of dexterity (left hand)
 i - an amulet of regeneration (around neck)
 j - an uncursed ring of wizardry
 k - a +3 ring of protection
 o - an uncursed ring of ice
 v - an uncursed ring of positive energy
 y - a +6 ring of evasion (right hand)
 J - a +6 ring of evasion
Wands
 O - a wand of flame (10)
Scrolls
 e - 2 scrolls of magic mapping
 f - a scroll of enchant weapon
 h - 3 scrolls of fog
 m - a scroll of amnesia
 q - 2 scrolls of enchant armour
 E - a scroll of teleportation
 L - a scroll of fear
Potions
 b - 2 potions of lignification
 c - a potion of haste
 l - 2 potions of cancellation
 n - a potion of augmentation
 p - 2 potions of invisibility
 r - 2 potions of magic
 t - a potion of resistance
 u - 2 potions of mutation
 K - 2 potions of flight
Miscellaneous
 M - a fan of gales (inert)


   Skills:
 + Level 7.5 Fighting
 + Level 11.8 Blades
 + Level 6.0 Axes
 + Level 6.0 Maces & Staves
 + Level 6.0 Polearms
 + Level 6.0 Bows & Xbows
 + Level 6.0 Throwing
 + Level 9.0 Armour
 + Level 7.5 Dodging
 + Level 6.0 Stealth
 + Level 9.0 Shields
 + Level 6.0 Unarmed Combat
 + Level 6.0 Hexes
 + Level 6.0 Charms
 + Level 6.0 Summonings
 + Level 6.0 Necromancy
 + Level 6.0 Translocations
 + Level 6.0 Transmutations
 + Level 6.0 Fire Magic
 + Level 6.0 Ice Magic
 + Level 6.0 Air Magic
 + Level 6.0 Earth Magic
 + Level 6.0 Invocations
 + Level 6.0 Evocations


You had 18 spell levels left.
You didn't know any spells.
Your spell library was empty.

Dungeon Overview and Level Annotations

Branches:
Dungeon (11/15)            Bazaar (1/1)

Altars:
Cheibriados
Dithmenos
Elyvilon
Gozag
Jiyva
Kikubaaqudgha
Lugonu
Makhleb
Nemelex Xobeh
Okawaru
Qazlal
Ru
Sif Muna
Trog
Uskayaw
Vehumet
Wu Jian
Xom
Yredelemnul
Zin
The Shining One

Shops:
Bazaar (**([(

Annotations:
D:11 Sonja
Abyss:1 Purgy


Message History

Sonja closely misses you. Sonja hits you but does no damage.
Space warps horribly around you (12)! Zin protects you from harm!
You block Sonja's attack.
Sonja hits you with a +0 dagger of distortion (1).
* * * LOW HITPOINT WARNING * * *
You blink.
Sonja casts a spell.
Sonja blinks!
Okay, then.
You don't know any spells.
Press: ? - help, v - describe, . - travel
Here: Sonja, wielding a +0 dagger of distortion (heavily wounded)
The floor.
You fade into invisibility!
You are very lightly contaminated with residual magic.
Sonja shouts, "Too slow!"
Sonja misses you. Sonja hits you but does no damage.
Space warps horribly around you (21)!
You die...

### ###P.## ....... ###
######### ....... #######P#
#..P...#. ..>.... ##.......###
#........
.......##..........####.......
##.....+.#............+.......
#............@...#P##PP.......
###.....#...K....### ##.......
#.+.P..###.......## #.......
#.#### #........# ###....# #.
#.#.∩#.### ###... ##.#
####..## #P.P. ... #...# #....
#####.# ###.P+#..# #PP.#.##
####..........


You could see Sonja.

Vanquished Creatures
  Josephine (D:11)
  Erolcha (D:11)
  A centaur warrior (D:10)
  A two-headed ogre (D:10)
  An unseen horror (D:9)
  Joseph (D:7)
  A troll (D:10)
  Grinder (D:7)
  3 wraiths (D:11)
  A shadow (D:11)
  4 wyverns
  2 humans (D:7)
  2 angry ghosts (D:8)
  2 water moccasins (D:8)
  A spiny frog zombie (D:9)
  An acid dragon (D:11)
  A black bear (D:11)
  2 ice beasts
  A spiny frog skeleton (D:8)
  2 orc warriors
  A wasp (D:9)
  5 ogres
  9 centaurs
  A rime drake zombie (D:10)
  A bullfrog (D:9)
  2 wyvern zombies
  4 killer bees (D:8)
  A crimson imp (D:3)
  2 howler monkeys
  5 wights (D:8)
  2 bullfrog zombies
  A wasp zombie (D:11)
  3 hounds
  2 jellies
  2 centaur skeletons
  2 orc priests
  A gnoll shaman (D:5)
  5 orc wizards
  Natasha (twice) (D:3)
  7 worker ants
  4 iguanas
  A hound zombie (D:5)
  A howler monkey zombie (D:5)
  A worker ant zombie (D:5)
  Samantha (D:2)
  7 adders
  7 gnolls
  3 shadow imps
  2 oozes (D:4)
  An adder skeleton (D:4)
  3 dart slugs
  24 orcs
  6 quokkas
  A giant cockroach (D:2)
  10 goblins
  10 hobgoblins
  17 jackals
  4 kobolds
  4 ball pythons
  9 bats
  6 frilled lizards
  A quokka skeleton (D:4)
  8 rats
219 creatures vanquished.

Vanquished Creatures (collateral kills)
  A gnoll (D:3)
  2 orcs (D:3)
  A quokka (D:2)
  5 goblins (D:2)
  2 hobgoblins
  2 kobolds
13 creatures vanquished.

Vanquished Creatures (others)
  2 gnolls (D:3)
  An orc (D:3)
  A hobgoblin (D:2)
  2 goblins (D:2)
6 creatures vanquished.

Grand Total: 238 creatures vanquished

Notes
Turn   | Place    | Note
-------+----------+-------------------------------------------
     0 | D:1      | Psymania the Gnoll Wanderer began the quest for the Orb.
     0 | D:1      | Psymania set off with: a +2 rapier, a potion of lignification, a +0 ring mail
     0 | D:1      | Reached XP level 1. HP: 17/17 MP: 2/2
   268 | D:1      | Reached XP level 2. HP: 23/23 MP: 4/4
   682 | D:1      | Reached XP level 3. HP: 29/29 MP: 5/5
  1080 | D:2      | Reached XP level 4. HP: 37/37 MP: 7/7
  1372 | D:2      | Found a white marble altar of Elyvilon.
  1413 | D:2      | Noticed Samantha
  1447 | D:2      | Killed Samantha
  1725 | D:2      | Found a bloodstained altar of Trog.
  1974 | D:2      | Found a glowing silver altar of Zin.
  2186 | D:2      | Became a worshipper of Zin the Law-Giver
  2186 | D:2      | Reached * piety under Zin
  2404 | D:3      | Reached XP level 5. HP: 43/43 MP: 8/8
  2477 | D:3      | Reached XP level 6. HP: 36/50 MP: 10/10
  2711 | D:3      | Found a viscous altar of Jiyva.
  2753 | D:3      | Found a deep blue altar of Sif Muna.
  2881 | D:3      | Noticed Purgy
  2889 | D:3      | Noticed Natasha
  3027 | D:3      | Killed Natasha
  3089 | D:3      | Found a corrupted altar of Lugonu.
  3176 | D:3      | Reached XP level 7. HP: 54/56 MP: 11/11
  3364 | D:3      | Noticed Natasha
  3376 | D:3      | Killed Natasha
  3473 | D:3      | Banished Purgy
  3702 | D:4      | Found a sacrificial altar of Ru.
  3782 | D:4      | Found a sparkling altar of Nemelex Xobeh.
  3799 | D:4      | Found a white marble altar of Elyvilon.
  3877 | D:4      | Reached ** piety under Zin
  3903 | D:4      | Noticed a wyvern
  3917 | D:4      | Killed a wyvern
  4219 | D:4      | Found an ornate altar of the Wu Jian Council.
  4287 | D:4      | Reached XP level 8. HP: 64/64 MP: 11/13
  4307 | D:4      | Found an opulent altar of Gozag.
  4307 | D:4      | Found a snail-covered altar of Cheibriados.
  4480 | D:4      | Found an ancient bone altar of Kikubaaqudgha.
  4695 | D:5      | Entered Level 5 of the Dungeon
  4696 | D:5      | Found an ornate altar of the Wu Jian Council.
  5104 | D:5      | Found a radiant altar of Vehumet.
  5153 | D:5      | Found a basalt altar of Yredelemnul.
  5452 | D:5      | Found a burning altar of Makhleb.
  5487 | D:5      | Reached *** piety under Zin
  5847 | D:5      | Found a glowing golden altar of the Shining One.
  6301 | D:6      | Found a hide-covered altar of Uskayaw.
  6366 | D:6      | Found a shadowy altar of Dithmenos.
  6431 | D:6      | Found a stormy altar of Qazlal.
  6432 | D:6      | Noticed an air elemental
  6432 | D:6      | Noticed a water elemental
  6757 | D:7      | Found a bloodstained altar of Trog.
  6758 | D:7      | Noticed Grinder
  6768 | D:7      | Killed Grinder
  6768 | D:7      | Reached XP level 9. HP: 71/71 MP: 15/15
  6879 | D:7      | Reached **** piety under Zin
  6899 | D:7      | Found a shimmering altar of Xom.
  7220 | D:7      | Noticed Joseph
  7230 | D:7      | Killed Joseph
  7350 | D:7      | Found an iron altar of Okawaru.
  7736 | D:8      | Got the +2 cloak "Joisyp" {+Blink rPois Regen+ Int-5}
  7997 | D:8      | Reached XP level 10. HP: 66/77 MP: 15/15
  8087 | D:8      | Got the +0 cloak "Ulaa" {rPois}
  8797 | D:9      | Found a glowing silver altar of Zin.
  9401 | D:9      | Noticed an unseen horror
  9428 | D:9      | Killed an unseen horror
  9486 | D:10     | Entered Level 10 of the Dungeon
  9626 | D:10     | Noticed a centaur warrior
  9647 | D:10     | Killed a centaur warrior
  9788 | D:10     | Noticed a two-headed ogre
  9799 | D:10     | Killed a two-headed ogre
  9799 | D:10     | Reached XP level 11. HP: 84/84 MP: 17/17
 10134 | D:11     | Reached ***** piety under Zin
 10235 | D:11     | Noticed Josephine
 10246 | D:11     | Killed Josephine
 10319 | D:11     | Noticed Erolcha
 10331 | D:11     | HP: 2/84 [Erolcha/+5 giant club (27)]
 10353 | D:11     | Killed Erolcha
 10492 | D:11     | Found a gateway to a bazaar.
 10495 | D:11     | Noticed a deep elf mage
 10500 | Bazaar   | Entered a bazaar
 10500 | Bazaar   | Found Vuphakh's Weapon Boutique.
 10500 | Bazaar   | Found Xewymema's Antique Armour Shoppe.
 10500 | Bazaar   | Found Wyhat's General Store.
 10502 | Bazaar   | Found Aniam's Weapon Boutique.
 10596 | Bazaar   | Bought a +2 war axe of devastation for 351 gold pieces
 10609 | Bazaar   | Bought 110 exploding tomahawks for 154 gold pieces
 10624 | D:11     | Noticed Sonja
 10648 | D:11     | HP: 3/84 [Sonja/+0 dagger of distortion (5)]
 10648 | D:11     | Zin protects you from harm!
 10650 | D:11     | Demolished by Sonja

Action                   |  1- 3 |  4- 6 |  7- 9 | 10-12 || total
-------------------------+-------+-------+-------+-------++-------
Melee: Rapier            |    48 |       |       |       ||    48
       Whip              |    23 |       |       |       ||    23
       Hand axe          |    49 |   142 |       |       ||   191
       Punch             |       |     2 |     2 |       ||     4
       Flail             |       |    29 |   254 |   198 ||   481
       Halberd           |       |       |    65 |       ||    65
       Spear             |       |       |   177 |       ||   177
       Dagger            |       |       |     2 |     1 ||     3
       War axe           |       |       |       |    28 ||    28
Throw: Frenzy dart       |     2 |    11 |       |       ||    13
       Curare dart       |       |       |     1 |     6 ||     7
       Tomahawk          |       |       |       |     3 ||     3
Invok: Recite            |       |     3 |     5 |     7 ||    15
       Vitalisation      |       |       |     9 |    11 ||    20
       Imprison          |       |       |       |     1 ||     1
 Abil: Evoke Blink       |       |       |       |     6 ||     6
Evoke: Wand              |       |       |     3 |     4 ||     7
       Fan of gales      |       |       |       |     1 ||     1
  Use: Potion            |       |     1 |     1 |     7 ||     9
       Scroll            |       |     1 |       |       ||     1
 Stab: Confused          |       |     1 |     4 |     1 ||     6
       Distracted        |       |     1 |     1 |       ||     2
       Sleeping          |       |       |     5 |       ||     5
       Paralysed         |       |       |     2 |     1 ||     3
       Invisible         |       |       |     1 |       ||     1
Armor: Ring mail         |    32 |       |       |       ||    32
       Scale mail        |    20 |    70 |    83 |       ||   173
       Plate armour      |       |       |    46 |   136 ||   182
Dodge: Dodged            |    78 |   113 |   355 |   226 ||   772
Block: Buckler           |       |       |    88 |   118 ||   206
